 Dungeon Crawl Stone Soup version 0.30.1 (webtiles) character file.

Game seed: 9877996304576121688

742 Peloso the Slasher (level 7, 0/60 HPs)
             Began as a Minotaur Fighter on July 2, 2023.
             Slain by Pikel
             ... wielding a +2 whip of freezing
              (8 damage)
             ... on level 5 of the Dungeon.
             The game lasted 00:07:36 (3771 turns).

Peloso the Slasher (Minotaur Fighter)               Turns: 3771, Time: 00:07:37

Health: 0/60       AC:  4    Str: 21    XL:     7   Next: 47%
Magic:  6/6        EV:  8    Int:  7    God:
Gold:   191        SH:  5    Dex: 13    Spells: 6/6 levels left

rFire   . . .        a - +0 long sword
rCold   + . .        d - +0 buckler
rNeg    + . .        b - +0 chain mail
rPois   +            (helmet restricted)
rElec   .            c - +0 cloak
rCorr   .            u - +0 pair of gloves
SInv    .            (no boots)
Will    .....        (no amulet) Stlth
                     j - ring of the Enemy {rPois rC+ rN+ Int+2 Dex+2}
HPRegen 0.30/turn    (no ring)
MPRegen 0.10/turn

%: no passive effects
@: corroded
A: horns 2, retaliatory headbutt
a: no special abilities


You were on level 5 of the Dungeon.
You visited 1 branch of the dungeon, and saw 5 of its levels.

You collected 191 gold pieces.

Inventory:

Hand Weapons
 a - a +0 long sword (weapon)
Missiles
 r - a throwing net (quivered)
Armour
 b - a +0 chain mail (worn)
 c - a +0 cloak (worn)
 d - a +0 buckler (worn)
 u - a +0 pair of gloves (worn)
Jewellery
 j - the ring of the Enemy (left hand) {rPois rC+ rN+ Int+2 Dex+2}
   (You found it on level 3 of the Dungeon)

   [ring of poison resistance]

   Int:       It affects your intelligence (+2).
   Dex:       It affects your dexterity (+2).
   rC:        It protects you from cold.
   rPois:     It protects you from poison.
   rN:        It protects you from negative energy.
Wands
 n - a wand of acid (1)
 t - a wand of digging (2)
Scrolls
 f - a scroll of poison
 h - 4 scrolls of teleportation
 m - a scroll of enchant armour {unknown}
 o - a scroll of torment {unknown}
 p - a scroll of noise {unknown}
 v - a scroll of fear
Potions
 e - a potion of flight
 g - a potion of brilliance
 i - a potion of might
 k - 2 potions of curing
 l - a potion of haste
 q - a potion of resistance {unknown}
 s - a potion of berserk rage {unknown}
 w - a potion of mutation {unknown}


   Skills:
 + Level 4.9 Fighting
 + Level 6.7 Long Blades
 + Level 6.5 Armour
 + Level 1.2 Dodging
 + Level 0.1 Stealth
 + Level 5.1 Shields
 + Level 0.3 Evocations


You had 6 spell levels left.
You didn't know any spells.
Your spell library contained the following spells:

 Spells                   Type           Power      Damage    Failure   Level
 Call Imp                 Summ           0%         N/A       99%         2
 Sublimation of Blood     Necr           0%         N/A       99%         2
 Portal Projectile        Hex/Tloc       0%         N/A       100%        3
 Tukima's Dance           Hex            0%         N/A       100%        3
 Animate Dead             Necr           0%         N/A       100%        4
 Petrify                  Tmut/Erth      0%         N/A       100%        4
 Blade Hands              Tmut           0%         N/A       100%        5
 Borgnjor's Vile Clutch   Necr/Erth      0%         N/A       100%        5
 Irradiate                Conj/Tmut      0%         3d11      100%        5
 Death Channel            Necr           0%         N/A       100%        6
 Simulacrum               Ice/Necr       0%         N/A       100%        6
 Spellforged Servitor     Conj/Summ      0%         N/A       100%        7


Dungeon Overview and Level Annotations

Branches:
Dungeon (5/15)
 Temple: D:4-7

Altars:
Zin

Shops:
D:3 :   D:4 :

Annotations:
D:4 3 runed translucent doors, Peloso's ghost, amateur MiFi
D:5 Pikel


Innate Abilities, Weirdness & Mutations

You have a pair of horns on your head.
You reflexively headbutt those who attack you in melee.


Message History

Pikel is severely wounded.
Pikel hits you with a +2 whip of freezing.
Pikel freezes you.
You hit Pikel. Your headbutt misses Pikel.
Pikel is almost dead.
Pikel hits you with a +2 whip of freezing.
You closely miss Pikel.
Pikel is almost dead.
Pikel hits you with a +2 whip of freezing!
You closely miss Pikel. You headbutt Pikel.
Pikel is almost dead.
Pikel hits you with a +2 whip of freezing.
You barely miss Pikel. Your headbutt misses Pikel.
Pikel is almost dead.
Pikel hits you but does no damage.
You hit Pikel but do no damage.
Pikel is almost dead.
Pikel zaps a wand.
The bolt of acid hits you.
* * * LOW HITPOINT WARNING * * *
The acid corrodes you!
You barely miss Pikel.
Pikel is almost dead.
Pikel hits you with a +2 whip of freezing!
* * * LOW HITPOINT WARNING * * *
Pikel freezes you.
* * * LOW HITPOINT WARNING * * *
Pikel hits you but does no damage.
A lemure comes into view.
You hit Pikel but do no damage.
Pikel is almost dead.
You block Pikel's attack.
You closely miss Pikel. You headbutt Pikel, but do no damage.
Pikel is almost dead.
Pikel hits you with a +2 whip of freezing.
* * * LOW HITPOINT WARNING * * *
Pikel freezes you.
* * * LOW HITPOINT WARNING * * *
You feel better.
Pikel hits you with a +2 whip of freezing!
You die...

#.# # #..###.
#....# #...#
#######
#.<###.....#
##....#####.#
##...# ##.5##
###@## ##K#
##55..# 5..##
#..# ..# ##.
#. #.


You could see Pikel and 4 lemures.

Vanquished Creatures
  Eustachio (D:4)
  An ice beast (D:5)
  Blork the orc (D:4)
  2 scorpions
  A vampire bat (D:4)
  A gnoll bouda (D:4)
  A hound (D:4)
  Ijyb (D:4)
  9 gnolls
  3 adders
  2 worms
  2 dart slugs
  4 orcs
  2 ball pythons
  8 endoplasms
  3 giant cockroaches
  6 goblins
  3 hobgoblins
  4 jackals (D:2)
  4 kobolds
  5 quokkas
  11 bats
  5 frilled lizards
  5 rats
85 creatures vanquished.

Notes
Turn   | Place    | Note
-------+----------+-------------------------------------------
     0 | D:1      | Peloso the Minotaur Fighter began the quest for the Orb.
     0 | D:1      | Reached XP level 1. HP: 19/19 MP: 0/0
   192 | D:1      | Reached XP level 2. HP: 27/27 MP: 1/1
   926 | D:2      | Reached XP level 3. HP: 17/33 MP: 2/2
  1467 | D:3      | Identified the ring of the Enemy {rPois rC+ rN+ Int+2
                  | Dex+2}
  1643 | D:3      | Found Husut's Book Shoppe.
  1782 | D:3      | Reached XP level 4. HP: 17/40 MP: 3/3
  1959 | D:3      | Got the Quarto of the Assistive Crevasse
  2150 | D:3      | Found a glowing silver altar of Zin.
  2150 | D:3      | Noticed an angel
  2215 | D:4      | Found Kaynigad's Tremendous Tomes.
  2279 | D:4      | Reached XP level 5. HP: 40/46 MP: 4/4
  2340 | D:4      | Noticed Ijyb
  2361 | D:4      | Killed Ijyb
  2362 | D:4      | Reached skill level 5 in Armour
  2495 | D:4      | Found a runed translucent gate.
  2495 | D:4      | Found a runed translucent gate.
  2496 | D:4      | Found a runed translucent gate.
  2500 | D:4      | Noticed Peloso's ghost (amateur MiFi)
  2671 | D:4      | Noticed Blork the orc
  2689 | D:4      | Killed Blork the orc
  2690 | D:4      | Reached skill level 5 in Long Blades
  2690 | D:4      | Reached XP level 6. HP: 23/53 MP: 5/5
  3199 | D:4      | Noticed Eustachio
  3271 | D:4      | Killed Eustachio
  3272 | D:4      | Reached skill level 1 in Dodging
  3272 | D:4      | Reached skill level 5 in Shields
  3272 | D:4      | Reached XP level 7. HP: 20/60 MP: 6/6
  3666 | D:5      | Entered Level 5 of the Dungeon
  3750 | D:5      | Noticed Pikel
  3770 | D:5      | HP: 3/60 [Pikel/+2 whip of freezing (1)]
  3771 | D:5      | Slain by Pikel

Illustrated notes

Levels and vault maps discovered:
D:1:      dpeg_arrival_tiny_k, layout_basic
D:2:      layout_rooms
D:3:      layout_loops_ring, zin_angel, serial_shops,
          nicolae_shop_tiny_waterfront
D:4:      layout_basic, gammafunk_ghost_necromancy, roderic_batcave,
          nicolae_shop_i_like_big_books, uniq_eustachio, uniq_ijyb,
          uniq_blork_the_orc
D:5:      layout_layer_cave, supply_closet_lemuel, uniq_pikel,
          uniq_prince_ribbit1

Skill      XL: |  1  2  3  4  5  6 |
---------------+-------------------+-----
Armour         | 4 5 6 |  6.5
Shields        | 4 5 |  5.1
Long Blades    | 3 4 5 6 |  6.7
Fighting       | 4 |  4.9
Dodging        | 1 |  1.2
Stealth        | |  0.1
Evocations     | |  0.3

Action                     |  1- 3 |  4- 6 |  7- 9 || total
---------------------------+-------+-------+-------++-------
  Melee: Long sword        |   130 |   140 |    38 ||   308
         Headbutt          |    20 |    21 |     7 ||    48
  Evoke: Wand              |       |     3 |       ||     3
    Use: Potion            |     4 |     3 |     1 ||     8
         Scroll            |     5 |     1 |     2 ||     8
 Armour: Scale mail        |    25 |       |       ||    25
         Chain mail        |    49 |   128 |    11 ||   188
  Dodge: Dodged            |    57 |    86 |    12 ||   155
  Block: Buckler           |    29 |    55 |     8 ||    92
